 Dungeon Crawl Stone Soup version 0.21.1-1-g345015f (webtiles) character file.

601 wilfster70 the Cleaver (level 7, -1/64 HPs)
             Began as a Hill Orc Fighter on June 14, 2018.
             Was a Believer of Beogh.
             Killed from afar by an orc wizard (2 damage)
             ... with a magic dart
             ... on level 5 of the Dungeon.
             The game lasted 00:14:18 (4118 turns).

wilfster70 the Cleaver (Hill Orc Fighter)           Turns: 4118, Time: 00:14:19

Health: -1/64      AC: 13    Str: 21    XL:     7   Next: 41%
Magic:  8/8        EV:  3    Int:  8    God:    Beogh [**....]
Gold:   250        SH:  9    Dex: 10    Spells: 6/6 levels left

rFire    . . .     SeeInvis .   a - +0 war axe
rCold    . . .     Gourm    .   c - +0 shield
rNeg     . . .     Faith    .   p - +0 plate armour
rPois    .         Spirit   .   (no helmet)
rElec    .         Reflect  .   r - +1 cloak
rCorr    .         Harm     .   (no gloves)
MR       .....                  (no boots)
Stlth    ..........             (no amulet)
HPRegen  0.20/turn              (no ring)
MPRegen  0.11/turn              (no ring)

@: lethally poisoned (-1 -> -63)
A: no striking features
a: Smiting, Renounce Religion


You were on level 5 of the Dungeon.
You worshipped Beogh.
Beogh was pleased with you.
You were near starving.

You visited 1 branch of the dungeon, and saw 5 of its levels.

You collected 250 gold pieces.

Inventory:

Hand Weapons
 a - a +0 war axe (weapon)
 b - the +2 whip of the Extremely Mad {drain, rF+}
   (You found it on level 5 of the Dungeon)

   A truly terrible weapon, it drains the life of those it strikes.
   It protects you from fire.
 w - a +0 broad axe
Missiles
 h - 18 poisoned needles
 k - 221 stones (quivered)
Armour
 c - a +0 shield (worn)
 p - a +0 plate armour (worn)
 r - a +1 cloak (worn)
Scrolls
 j - 3 scrolls of teleportation
 l - a scroll of enchant weapon {unknown}
 m - 3 scrolls of remove curse
 n - 2 scrolls of immolation
 o - 2 scrolls of identify {unknown}
 s - a scroll of blinking {unknown}
 t - a scroll of enchant armour {unknown}
 u - a scroll of fog
Potions
 d - a potion of might
 e - a potion of berserk rage {unknown}
 g - a potion of cancellation {unknown}
 i - a potion of heal wounds {unknown}
 q - 2 potions of agility {unknown}
 v - 2 potions of curing {unknown}
Comestibles
 f - 6 rations


   Skills:
 - Level 6.3 Fighting
 * Level 8.5 Axes
 - Level 3.2 Armour
 - Level 3.2 Shields
 + Level 1.8 Invocations


You had 6 spell levels left.
You didn't know any spells.

Dungeon Overview and Level Annotations

Branches:
Dungeon (5/15)
 Temple: D:4-7

Altars:
Dithmenos
Okawaru
Ru


Message History

Items here: ))) †† a dagger; a whip; a short sword; an orc corpse x2
You miss something.
* * * LOW HITPOINT WARNING * * *
You feel very sick. Something hits you but does no damage.
You are more poisoned.
Your plate armour prevents you from hitting something.
* * * LOW HITPOINT WARNING * * *
You feel extremely sick. Something hits you but does no damage.
You are more poisoned.
You miss something.
* * * LOW HITPOINT WARNING * * *
You feel extremely sick.
You hear some strange, mumbled words.
A magic dart appears from out of thin air!
The magic dart hits you!
You die...
Beogh appreciates something's killing of a heretic priest.

**>,*****#..*,,,,,,,,,,,,,*****
**,,**####..######**+*,,,,,,,,,
*,,,,,#...o.'....#,,,*,,,,,,,,,
*,,,,,#.....#....#,,,*,,,,,,,,,
*,,,,,#.....#....#**+*,,,,,,,,,
*,,,,,#.....#....#,,,,,,,,,,,,,
**,,,,##....#....#,..,,,,,,,,,,
**,,,,*#....##...#....********,
*,,,,,*###+###@###....*,,+,,,*,
*,,,,,,,,,,,#).{......+,,*,,,*,
##########,,,,#.........*,,*,,,*,
..#......#,,,,#.........*+***+**,
..'......######.....####*,*,,,,,,
..#.................+,,,,,+,,,,,,
..#.................#,,,,,*,,,,,,
..#............######***+**,,,,,,
###............'...#,,,,,,,,,,,,,


There were no monsters in sight!

Vanquished Creatures
  A centaur (D:4)
  3 scorpions
  A crimson imp (D:5)
  2 orc priests
  An orc wizard (D:4)
  An iguana (D:5)
  7 gnolls
  4 adders
  4 worms
  4 dart slugs
  2 leopard geckos (D:3)
  15 orcs
  2 giant cockroaches
  5 goblins
  10 hobgoblins
  10 jackals
  6 kobolds
  2 quokkas
  2 ball pythons
  8 bats
  5 frilled lizards
  A leopard gecko skeleton (D:4)
  7 rats
103 creatures vanquished.

Vanquished Creatures (others)
  A leopard gecko (D:4)
1 creature vanquished.

Grand Total: 104 creatures vanquished

Notes
Turn   | Place    | Note
-------+----------+-------------------------------------------
     0 | D:1      | wilfster70 the Hill Orc Fighter began the quest for the Orb.
     0 | D:1      | Reached XP level 1. HP: 19/19 MP: 1/1
   128 | D:1      | Reached skill level 3 in Axes
   155 | D:1      | Reached XP level 2. HP: 21/27 MP: 2/2
   565 | D:1      | Reached XP level 3. HP: 31/34 MP: 3/3
   836 | D:2      | Reached skill level 4 in Axes
  1271 | D:2      | Reached XP level 4. HP: 41/41 MP: 4/4
  1413 | D:2      | You fall through a shaft for 2 floors!
  1414 | D:4      | Became a worshipper of Beogh the Brigand
  1417 | D:4      | Noticed a centaur
  1438 | D:4      | Killed a centaur
  1438 | D:4      | Reached skill level 5 in Fighting
  1438 | D:4      | Reached skill level 5 in Axes
  1438 | D:4      | Reached XP level 5. HP: 17/48 MP: 5/5
  1942 | D:4      | Found a sacrificial altar of Ru.
  1962 | D:4      | Reached skill level 6 in Axes
  1967 | D:4      | Reached XP level 6. HP: 25/57 MP: 6/6
  2428 | D:5      | Entered Level 5 of the Dungeon
  2529 | D:3      | Reached skill level 7 in Axes
  2539 | D:3      | Reached * piety under Beogh
  2633 | D:3      | Found an iron altar of Okawaru.
  3467 | D:3      | Found a shadowy altar of Dithmenos.
  3715 | D:5      | Reached XP level 7. HP: 53/63 MP: 7/7
  3716 | D:5      | Reached ** piety under Beogh
  3803 | D:5      | Reached skill level 8 in Axes
  3923 | D:5      | Got a shimmering whip
  3924 | D:5      | Identified the +2 whip of the Extremely Mad {drain, rF+} (You found it on level 5 of the Dungeon)
  4055 | D:5      | Reached skill level 1 in Invocations
  4118 | D:5      | HP: 1/64 [poisoned by an orc wizard]
  4118 | D:5      | Killed from afar by an orc wizard

Skill      XL: |  1  2  3  4  5  6  7 |
---------------+----------------------+-----
Fighting       | 4 5 6 |  6.3
Axes           | 3 4 5 6 7 8 |  8.5
Invocations    | 1 |  1.8
Armour         | |  3.2
Shields        | |  3.2

Action                   |  1- 3 |  4- 6 |  7- 9 || total
-------------------------+-------+-------+-------++-------
Melee: War axe           |   144 |   210 |    45 ||   399
Invok: Convert to Beogh  |       |     1 |       ||     1
  Use: Scroll            |       |     6 |       ||     6
  Eat: Chunk             |     1 |     5 |       ||     6
       Ration            |       |     1 |       ||     1
Armor: Scale mail        |    66 |     3 |       ||    69
       Plate armour      |       |   140 |    27 ||   167
Dodge: Dodged            |    47 |    33 |     8 ||    88
Block: Shield            |    70 |    93 |    13 ||   176
